AoeStats
← 鹤锦

Arena

508432501Analyzed
3v3 RM · 9d ago on Sep 22, 2026· 68m 45s· 6 players
Game mode
Random Map
Map size
Normal (6 player)
Population
200
Speed
Normal
Resources
Standard
Victory
Conquest
Starting age
Dark Age
Ending age
Imperial Age
RankedLock teamsTeams togetherTeam positionsShared explorationLock speedFull tech treeHidden civsTurbo modeCheats
Victory
Defeat
🇨🇳 Spanish · China
774
+22
🇨🇳 Celts · China
765
+22
🇨🇳 Persians · China
745
+23
🇦🇺 Shu · Australia
922
-22
🇨🇳 Magyars · China
916
-23
🇹🇼 Persians · Taiwan
903
-22
m19951314735
0:31 Loom
12:38 Feudal Age
18:15 Castle Age
16:32 Double-Bit Axe
16:36 Horse Collar
17:24 Stone Mining
17:40 Gold Mining
23:34 Pikeman
24:16 Squires
25:46 Wheelbarrow
26:49 Hand Cart
29:18 Kamandaran
30:07 Heavy Plow
33:57 Imperial Age
31:52 Crossbowman
32:38 Thumb Ring
34:39 Gold Shaft Mining
34:41 Stone Shaft Mining
34:19 Bow Saw
34:44 Caravan
34:58 Fletching
35:09 Padded Archer Armor
35:20 Forging
35:11 Scale Mail Armor
35:17 Scale Barding Armor
36:42 Chemistry
36:15 Bloodlines
37:07 Ballistics
37:26 Crop Rotation
37:59 Two-Man Saw
36:57 Heavy Camel Rider
38:42 Halberdier
39:34 Husbandry
39:44 Bodkin Arrow
41:46 Conscription
41:38 Citadels
42:04 Hoardings
42:29 Masonry
42:10 Cavalier
44:13 Savar
52:37 Light Cavalry
54:22 Iron Casting
54:08 Chain Barding Armor
56:06 Blast Furnace
54:49 Hussar
59:12 Plate Barding Armor
61:41 Leather Archer Armor
我想做个好人
9:59 Feudal Age
10:33 Double-Bit Axe
10:30 Horse Collar
12:32 Loom
19:35 Castle Age
17:30 Gold Mining
21:25 Wheelbarrow
21:08 Bow Saw
21:00 Heavy Plow
22:02 Stone Mining
23:02 Hand Cart
23:53 Town Watch
24:50 Stone Shaft Mining
26:23 Gold Shaft Mining
28:04 Forging
29:01 Pikeman
31:03 Iron Casting
30:52 Scale Mail Armor
34:10 Imperial Age
33:56 Chain Mail Armor
34:04 Caravan
34:36 Coinage
37:07 Blast Furnace
36:16 Halberdier
38:01 Guilds
38:37 Plate Mail Armor
41:07 Furor Celtica
44:13 Banking
44:31 Capped Ram
45:21 Elite Woad Raider
46:05 Siege Ram
49:06 Siege Engineers
53:55 Onager
57:08 Siege Onager
鹤锦
9:42 Feudal Age
10:26 Double-Bit Axe
10:26 Horse Collar
19:40 Castle Age
18:19 Stone Mining
18:21 Gold Mining
21:09 Bow Saw
21:55 Heavy Plow
22:53 Wheelbarrow
27:21 Imperial Age
28:27 Hand Cart
30:07 Two-Man Saw
30:13 Elite Conquistador
32:42 Conscription
32:34 Loom
32:57 Husbandry
32:18 Light Cavalry
33:12 Bloodlines
34:59 Cavalier
37:10 Paladin
40:12 Scale Barding Armor
40:18 Forging
58:37 Chain Barding Armor
58:52 Iron Casting
60:01 Plate Barding Armor
63:40 Blast Furnace
Water
1:47 Loom
9:49 Feudal Age
10:43 Double-Bit Axe
10:43 Horse Collar
18:40 Castle Age
17:26 Forging
19:03 Gold Mining
19:25 Bow Saw
20:18 Wheelbarrow
20:15 Heavy Plow
23:42 Bloodlines
23:33 Husbandry
24:54 Stone Mining
25:43 Gold Shaft Mining
27:52 Town Watch
29:02 Iron Casting
28:33 Scale Barding Armor
33:55 Imperial Age
31:28 Town Patrol
32:50 Chain Barding Armor
34:13 Hand Cart
34:55 Conscription
35:29 Crop Rotation
34:26 Cavalier
35:43 Caravan
37:35 Murder Holes
37:33 Savar
39:44 Two-Man Saw
38:51 Kamandaran
39:56 Blast Furnace
44:59 Chemistry
44:20 Ballistics
44:28 Fervor
43:42 Crossbowman
44:28 Thumb Ring
45:56 Plate Barding Armor
45:12 Fletching
45:24 Padded Archer Armor
46:17 Masonry
45:39 Elite War Elephant
53:10 Leather Archer Armor
52:51 Bodkin Arrow
59:10 Ring Archer Armor
63:36 Citadels
温州谷志豪
11:26 Feudal Age
12:10 Double-Bit Axe
18:36 Castle Age
18:30 Horse Collar
18:43 Gold Mining
19:23 Stone Mining
20:16 Bow Saw
21:46 Wheelbarrow
21:20 Heavy Plow
24:58 Hand Cart
24:29 Loom
24:57 Fletching
29:12 Gold Shaft Mining
28:23 Treadmill Crane
29:06 Ballistics
28:55 Thumb Ring
30:12 Town Watch
31:08 Town Patrol
31:47 Murder Holes
33:05 Husbandry
33:16 Bloodlines
33:04 Bodkin Arrow
33:54 Corvinian Army
34:30 Masonry
34:24 Padded Archer Armor
37:46 Imperial Age
38:07 Scale Barding Armor
38:18 Leather Archer Armor
39:52 Heavy Cavalry Archer
41:01 Parthian Tactics
Banana Cop
12:32 Feudal Age
19:01 Castle Age
17:13 Double-Bit Axe
17:34 Gold Mining
18:23 Horse Collar
23:17 Imperial Age
21:56 Bow Saw
22:26 Gold Shaft Mining
24:25 Crossbowman
25:40 Heavy Plow
28:02 Arbalester
28:51 Fletching
30:34 Elite Skirmisher
32:33 Bodkin Arrow
33:01 Ballistics
33:42 Chemistry
35:32 Two-Man Saw
34:53 Padded Archer Armor
35:37 Murder Holes
37:09 Thumb Ring
38:36 Conscription
44:18 Bracer
44:34 Leather Archer Armor
49:52 Ring Archer Armor
49:33 Siege Engineers
54:05 Bolt Magazine
60:05 Fortified Wall
Connection lost

Rejoining the realm…

Still unreachable

The connection could not be restored.

Session expired

The server has moved on; the page needs a fresh start.